 Dungeon Crawl Stone Soup version 0.30-a0-586-g23e55c9e0a (webtiles) character file.

Game seed: 16075993071630815266

152780 cforsyth the Wrestler (level 17, -18/146 HPs)
             Began as a Ghoul Monk on Jan 3, 2023.
             Was the Champion of Okawaru.
             Killed from afar by Nikola (102 damage)
             ... with an arc of chain lightning
             ... on level 3 of the Spider Nest.
             The game lasted 00:54:06 (32129 turns).

cforsyth the Wrestler (Ghoul Monk)                 Turns: 32129, Time: 00:54:06

Health: -18/146    AC: 42    Str: 23    XL:     17   Next: 59%
Magic:  21/23      EV:  7    Int:  5    God:    Okawaru [******]
Gold:   2592       SH: 11    Dex: 11    Spells: 16/16 levels left

rFire   . . .      SeeInvis .      - Unarmed
rCold   + . .      Faith    .    N - +0 kite shield
rNeg    + + +      Spirit   .    R - +1 crystal plate armour
rPois   ∞          Reflect  .    s - +1 helmet
rElec   .          Harm     .    o - scarf {repulsion}
rCorr   +          Rampage  .    D - +2 pair of gloves "Kuifucea" {Will++ Regen+}
Will    +++..                    l - +0 pair of boots Stlth
                                 X - amulet of the acrobat
HPRegen 0.00/turn                W - +4 ring of protection
MPRegen 0.18/turn                h - ring of resist corrosion

@: heroic, inhibited regen, studying Summonings, repel missiles
A: claws 1, cold resistance 1, negative energy resistance 3, inhibited
regeneration, torment resistance 2, devour on kill
a: Renounce Religion, Heroism, Finesse, Duel


You were on level 3 of the Spider Nest.
You worshipped Okawaru.
Okawaru was exalted by your worship.
You visited 4 branches of the dungeon, and saw 25 of its levels.

You collected 3076 gold pieces.
You spent 484 gold pieces at shops.

Inventory:

Armour
 l - a +0 pair of boots (worn)
 o - a scarf of repulsion (worn)
 s - a +1 helmet (worn)
 D - the +2 pair of gloves "Kuifucea" (worn) {Will++ Regen+}
   (You found it on level 2 of the Dungeon)

   Regen:     It increases your rate of health regeneration.
   Will:      It greatly increases your willpower.
 J - a +0 buckler
 N - a +0 kite shield (worn)
 R - a +1 crystal plate armour (worn)
Jewellery
 h - a ring of resist corrosion (right hand)
 p - a ring of wizardry
 x - a ring of fire
 A - a ring of see invisible
 E - a ring of wizardry
 G - a ring of flight
 T - an amulet of guardian spirit
 V - a +4 ring of protection
 W - a +4 ring of protection (left hand)
 X - an amulet of the acrobat (around neck)
 Y - a ring of ice
 Z - a ring of protection from cold
Wands
 b - a wand of mindburst (4)
 v - a wand of flame (63)
 H - a wand of digging (7)
 L - a wand of iceblast (25)
 M - a wand of polymorph (3)
 S - a wand of light (8)
Scrolls
 a - 5 scrolls of fog
 e - 3 scrolls of magic mapping
 f - 6 scrolls of vulnerability
 g - 3 scrolls of enchant weapon
 k - 7 scrolls of fear
 m - 3 scrolls of enchant armour
 n - a scroll of immolation
 t - 6 scrolls of teleportation
 u - 5 scrolls of poison
 y - 3 scrolls of amnesia
 I - a scroll of torment
 K - 5 scrolls of identify
 P - a scroll of blinking
Potions
 c - 3 potions of might
 d - 13 potions of curing
 i - 4 potions of magic
 j - 4 potions of degeneration
 q - 3 potions of ambrosia
 r - 8 potions of haste
 w - a potion of invisibility
 z - 4 potions of attraction
 B - 3 potions of flight
 C - a potion of resistance
 F - 5 potions of heal wounds
 O - 7 potions of brilliance
 Q - 3 potions of cancellation


   Skills:
 - Level 12.0(17.0) Fighting
 + Level 17.4(22.4) Armour
 - Level 2.6(7.6) Dodging
 - Level 2.1(7.1) Stealth
 - Level 7.1(12.1) Shields
 + Level 21.1(26.1) Unarmed Combat
 - Level 10.0 Invocations


You had 16 spell levels left.
You didn't know any spells.
Your spell library contained the following spells:

 Spells                   Type           Power      Damage    Failure   Level
 Magic Dart               Conj           0%         1d3       100%        1
 Cigotuvi's Dreadful Rot  Necr/Pois/Air  0%         N/A       100%        2
 Ensorcelled Hibernation  Hex/Ice        0%         N/A       100%        2
 Passwall                 Tmut/Erth      0%         N/A       100%        2
 Poisonous Vapours        Pois/Air       0%         N/A       100%        2
 Searing Ray              Conj           0%         2d4       100%        2
 Dazzling Flash           Conj/Hex       0%         N/A       100%        3
 Gell's Gravitas          Tloc           0%         N/A       100%        3
 Ignite Poison            Fire/Tmut/Pois 0%         N/A       100%        3
 Inner Flame              Hex/Fire       0%         N/A       100%        3
 Kindle Blastsparks       Fire/Tloc/Air  0%         2d10      100%        3
 Lesser Beckoning         Tloc           0%         N/A       100%        3
 Mephitic Cloud           Conj/Pois/Air  0%         N/A       100%        3
 Ozocubu's Armour         Ice            0%         N/A       100%        3
 Swiftness                Air            0%         N/A       100%        3
 Teleport Other           Tloc           0%         N/A       100%        3
 Anguish                  Hex/Necr       0%         N/A       100%        4
 Cause Fear               Hex            0%         N/A       100%        4
 Flame Wave               Conj/Fire      0%         2d4       100%        4
 Fulminant Prism          Conj/Hex       0%         3d5       100%        4
 Iskenderun's Mystic Bla  Conj/Tloc      0%         2d3       100%        4
 Leda's Liquefaction      Hex/Erth       0%         N/A       100%        4
 Olgreb's Toxic Radiance  Pois           0%         N/A       100%        4
 Petrify                  Tmut/Erth      0%         N/A       100%        4
 Sticky Flame             Conj/Fire      0%         2d3       100%        4
 Agony                    Necr           0%         N/A       100%        5
 Borgnjor's Vile Clutch   Necr/Erth      0%         N/A       100%        5
 Fireball                 Conj/Fire      0%         3d3       100%        5
 Freezing Cloud           Conj/Ice/Air   0%         6-21      100%        5
 Irradiate                Conj/Tmut      0%         3d11      100%        5
 Silence                  Hex/Air        0%         N/A       100%        5
 Starburst                Conj/Fire      0%         6d3       100%        6
 Ozocubu's Refrigeration  Ice            0%         4d7       100%        7
 Ignition                 Fire           0%         3d3       100%        8
 Sublimation of Blood     Necr           Unusable   N/A       N/A         2
 Spider Form              Tmut/Pois      Unusable   N/A       N/A         3
 Animate Dead             Necr           Unusable   N/A       N/A         4
 Death Channel            Necr           Unusable   N/A       N/A         6
 Dragon Form              Tmut           Unusable   N/A       N/A         7
 Dragon's Call            Summ           Unusable   N/A       N/A         9

Dungeon Overview and Level Annotations

Branches:
Dungeon (15/15)              Lair (5/5) D:9           Swamp (0/4) Lair:3
 Spider (3/4) Lair:2        Slime (0/5) Lair:4          Orc (2/2) D:10
    Elf (0/3) Orc:2        Vaults (0/5) D:14         Depths (0/4) D:15
 Temple: D:4-7

Altars:
Cheibriados
Fedhas
Gozag
Hepliaklqana
Kikubaaqudgha
Makhleb
Okawaru
Qazlal
Trog
Vehumet

Shops:
D:1 [   Orc:2 ![=:

Annotations:
Spider:3 Arachne, Nikola


Innate Abilities, Weirdness & Mutations

You are immune to poison.
You have sharp fingernails.
Your flesh is cold resistant. (rC+)
You are immune to negative energy. (rN+++)
You do not regenerate when monsters are visible.
You are immune to unholy pain and torment.
You thrive by killing the living.


Message History

No target in view!
You now have 2592 gold pieces (gained 16).
Nikola the Mad Inventor comes into view.
He is wielding a +3 rapier of electrocution.
Nikola shouts!
Arachne the Weaver comes into view.
She is wielding a staff of poison.
There are monsters nearby!
There are monsters nearby!
There are monsters nearby!
Unknown command.
Unknown command.
You gain the combat prowess of a mighty hero.
Nikola casts a spell.
Lightning arcs from Nikola's hands!
The bolt of lightning hits you!!
A bolt of lightning appears from out of thin air!
The bolt of lightning hits Nikola.
You hear a skittering sound. x2; You hear a chilling moan.
You hear a shout!
Unknown command.
You punch Nikola!
Nikola is lightly wounded.
Nikola casts a spell.
Lightning arcs from Nikola's hands!
The bolt of lightning hits you!!
A bolt of lightning appears from out of thin air!
The bolt of lightning hits Nikola!
You hear a chilling moan.
You hit Nikola.
Nikola is lightly wounded.
A broodmother comes into view.
Nikola hits you but does no damage.
You pummel Nikola!!
Nikola is moderately wounded.
The broodmother summons a spider!
You punch Nikola!
Nikola is heavily wounded.
Nikola hits you but does no damage.
You pummel Nikola!!
Nikola is severely wounded.
Nikola gestures wildly while chanting.
Lightning arcs from Nikola's hands!
The bolt of lightning hits you!!!!
Ouch! That really hurt!
You die...

########
#......##########
#. ##...........##
#^##....#..#@....#
#.#.^.#.#.#@##.#..#
#^.).######s# #.. #
#..### ##.s.# #@..
#....# .####.# #.^#
#†.####.# ^# H.#
##..# #..# ## .#
#...##..# #
#...)..# #.^#..###


You could see Nikola, a broodmother and a redback (summoned).

Vanquished Creatures
  Donald (Spider:2)
  An orc warlord (Orc:1)
  The ghost of greasedhog the Spear-Bearer, a journeyman FoFi of Okawaru (Lair:4)
  A dire elephant (Lair:4)
  The ghost of CornPuffBuddha the Bludgeoner, a journeyman MiFi of the Shining One (Lair:5)
  A spark wasp (Spider:1)
  Snorg (D:9)
  3 entropy weavers (Spider:2)
  Josephine (Lair:4)
  An ettin (Orc:1)
  The ghost of Dordric the Champion of Chaos, a journeyman FoFi of Makhleb (D:12)
  Fannar (D:12)
  7 hydras
  The ghost of lunkers the Slicer, a journeyman MeRe of Gozag (Lair:1)
  5 catoblepae (Lair:5)
  5 ogre magi
  A radroach (Spider:3)
  2 boulder beetles
  2 dancing weapons (D:14)
  Erica (D:9)
  8 centaur warriors
  20 two-headed ogres
  5 tengu warriors
  A titan zombie (D:15)
  10 death yaks
  An orc high priest (D:10)
  Sonja (D:11)
  16 skeletal warriors
  A deep elf knight (D:10)
  4 pharaoh ants
  A goliath frog (Lair:4)
  3 orb spiders
  2 bog bodies (Lair:3)
  2 swamp dragons (Lair:4)
  2 orc knights
  3 steelbarb worms
  A deep elf pyromancer (D:15)
  A lindwurm (Lair:4)
  A phantasmal warrior (D:15)
  A deep elf zephyrmancer (D:10)
  An iron dragon zombie (D:15)
  9 ugly things
  A necromancer (D:15)
  An oklob plant (Lair:1)
  An orc sorcerer (Orc:1)
  12 wolf spiders
  4 cyclopes
  A fire giant zombie (D:15)
  5 manticores
  14 elephants
  7 black mambas
  15 centaur zombies (D:13)
  Maurice (D:8)
  An ice statue (Lair:1)
  A gargoyle (D:12)
  4 demonic crawlers
  4 rime drakes
  An unseen horror (D:12)
  16 cane toads
  2 torpor snails
  6 kobold demonologists
  7 komodo dragons
  A tengu conjurer (D:14)
  A spriggan zombie (D:15)
  7 trolls
  3 burning bushes (Lair:1)
  3 tyrant leeches (Lair:4)
  3 polar bears (Lair:4)
  A tarantella (shapeshifter) (D:9)
  15 tarantellas
  9 meliai
  A meliai (shapeshifter) (D:11)
  3 blink frogs (Lair:1)
  9 jumping spiders
  8 dream sheep
  9 culicivoras
  8 wraiths
  2 shadows
  39 yaks
  3 vampires
  4 wyverns
  4 basilisks
  A yak (shapeshifter) (D:15)
  The ghost of Iich the Chopper, an amateur DsFi (D:5)
  27 redbacks
  3 steam dragons
  24 vampire mosquitoes
  2 swamp worms (Lair:4)
  A warg (Orc:2)
  3 acid dragons
  28 water moccasins
  2 swamp drakes (Lair:4)
  A hornet zombie (D:13)
  A sky beast (D:6)
  16 orc warriors
  An ice beast (D:7)
  2 black bears
  28 ogres
  21 wolves
  16 centaurs
  A phantom (D:3)
  19 kobold brigands
  9 bullfrogs
  3 gnoll sergeants
  A water moccasin zombie (D:5)
  4 scorpions
  13 wights
  A killer bee (D:9)
  9 howler monkeys
  3 electric eels (Lair:3)
  2 hounds
  2 jellies
  4 orc priests
  2 bullfrog skeletons (D:5)
  21 orc wizards
  7 iguanas
  5 hell rats (Lair:4)
  16 gnolls
  31 adders
  A shadow imp (D:8)
  A worm (D:4)
  2 dart slugs
  59 orcs
  13 ball pythons
  2 bat zombies (D:7)
  10 endoplasms
  2 giant cockroaches
  3 goblins
  8 hobgoblins
  3 jackals (D:3)
  29 kobolds
  6 quokkas
  5 bats
  3 frilled lizards
  7 rats
  2 rat zombies (D:7)
856 creatures vanquished.

Vanquished Creatures (others)
  20 fungi
  68 plants
  6 withered plants
94 creatures vanquished.

Grand Total: 950 creatures vanquished

Notes
Turn   | Place    | Note
-------+----------+-------------------------------------------
     0 | D:1      | cforsyth the Ghoul Monk began the quest for the Orb.
     0 | D:1      | Reached XP level 1. HP: 19/19 MP: 0/0
    67 | D:1      | Found Betedwo's Antique Armour Shoppe.
    95 | D:1      | Reached XP level 2. HP: 20/26 MP: 1/1
   857 | D:2      | Reached skill level 4 in Unarmed Combat
   857 | D:2      | Reached XP level 3. HP: 28/33 MP: 2/2
  1378 | D:2      | Found a faded altar of an unknown god.
  1436 | D:2      | Identified the +2 pair of gloves "Kuifucea" {Will++ Regen+}
  2026 | D:3      | Reached XP level 4. HP: 41/41 MP: 3/3
  2472 | D:3      | Reached skill level 5 in Fighting
  2472 | D:3      | Reached skill level 5 in Unarmed Combat
  2472 | D:3      | Reached XP level 5. HP: 39/48 MP: 4/4
  2786 | D:4      | Noticed a phantom
  2806 | D:3      | Killed a phantom
  2807 | D:3      | Reached XP level 6. HP: 35/57 MP: 5/5
  3411 | D:4      | Reached skill level 6 in Unarmed Combat
  3537 | D:4      | Found a bloodstained altar of Trog.
  3998 | D:5      | Entered Level 5 of the Dungeon
  4059 | D:5      | Found a transporter.
  4059 | D:5      | Noticed Iich's ghost (amateur DsFi)
  4063 | D:5      | Found a transporter.
  4186 | D:5      | Reached skill level 1 in Armour
  4186 | D:5      | Reached XP level 7. HP: 63/63 MP: 6/6
  4415 | D:5      | Found an iron altar of Okawaru.
  4499 | D:5      | Reached skill level 7 in Unarmed Combat
  4552 | D:5      | Reached XP level 8. HP: 68/73 MP: 7/7
  5095 | D:6      | Found a blossoming altar of Fedhas.
  6109 | D:7      | Reached skill level 8 in Unarmed Combat
  6155 | D:7      | HP: 3/74 [gnoll/+0 club (7)]
  6450 | D:7      | Reached XP level 9. HP: 68/82 MP: 8/8
  6585 | D:7      | Found an ancient bone altar of Kikubaaqudgha.
  6851 | D:7      | Reached skill level 1 in Shields
  7028 | D:8      | Reached skill level 5 in Armour
  7097 | D:8      | Reached skill level 9 in Unarmed Combat
  7189 | D:8      | Noticed a kobold demonologist
  7322 | D:8      | Killed a kobold demonologist
  7323 | D:8      | Reached XP level 10. HP: 69/91 MP: 9/9
  7394 | D:5      | Became a worshipper of Warmaster Okawaru
  7394 | D:5      | Reached * piety under Okawaru
  7394 | D:5      | Reached ** piety under Okawaru
  7542 | D:8      | Found a hazy altar of Hepliaklqana.
  7609 | D:8      | Found an opulent altar of Gozag.
  7630 | D:8      | Noticed Maurice
  7646 | D:8      | Killed Maurice
  7738 | D:8      | Found a snail-covered altar of Cheibriados.
  7964 | D:8      | Reached skill level 10 in Fighting
  7964 | D:8      | Reached skill level 10 in Unarmed Combat
  8106 | D:8      | Reached *** piety under Okawaru
  8455 | D:9      | Reached skill level 1 in Invocations
  8572 | D:9      | Reached skill level 5 in Shields
  8588 | D:9      | Reached XP level 11. HP: 62/101 MP: 11/11
  8594 | D:9      | Reached **** piety under Okawaru
  8637 | D:9      | Found a staircase to the Lair.
  9115 | D:9      | Received a gift from Okawaru
  9179 | D:9      | Found a radiant altar of Vehumet.
  9263 | D:9      | Noticed Erica
  9273 | D:9      | Killed Erica
  9409 | D:9      | Reached skill level 11 in Unarmed Combat
  9515 | D:10     | Entered Level 10 of the Dungeon
  9555 | D:10     | Found a staircase to the Orcish Mines.
  9692 | D:10     | Found a burning altar of Makhleb.
 10149 | D:10     | Noticed a two-headed ogre
 10154 | D:10     | Killed a two-headed ogre
 10154 | D:10     | Received a gift from Okawaru
 10184 | D:10     | Identified the +7 short sword of Cuad {holy, rPois Will-
                  | Int+2}
 10310 | D:10     | Identified the +6 arbalest of Reapportionment {freeze,
                  | Str+6}
 11048 | D:11     | Identified the +5 scale mail of Crawling {Rampage rPois
                  | Will++ Str-4}
 11199 | D:11     | Noticed a cyan ugly thing
 11221 | D:11     | Killed a cyan ugly thing
 11221 | D:11     | Reached ***** piety under Okawaru
 11222 | D:11     | Reached skill level 5 in Invocations
 11255 | D:11     | Noticed an orc knight
 11256 | D:11     | Noticed a cyclops
 11277 | D:10     | Killed an orc knight
 11300 | D:11     | Killed a cyclops
 11316 | D:11     | Noticed Sonja
 11334 | D:11     | Killed Sonja
 11335 | D:11     | Reached XP level 12. HP: 103/110 MP: 13/15
 11407 | D:11     | Received a gift from Okawaru
 11663 | D:11     | Noticed a centaur warrior
 11680 | D:11     | Killed a centaur warrior
 12306 | D:12     | Found a runed translucent door.
 12329 | D:12     | Noticed Fannar
 12352 | D:12     | Killed Fannar
 12550 | D:12     | Reached skill level 12 in Unarmed Combat
 12576 | D:12     | Received a gift from Okawaru
 12645 | D:12     | Noticed a two-headed ogre
 12653 | D:12     | Killed a two-headed ogre
 12956 | D:12     | Noticed Dordric's ghost (journeyman FoFi)
 13277 | D:5      | Killed Iich's ghost
 13409 | Lair:1   | Entered Level 1 of the Lair of Beasts
 13491 | Lair:1   | Received a gift from Okawaru
 13698 | Lair:1   | Noticed a death yak
 13700 | Lair:1   | Noticed lunkers's ghost (journeyman MeRe)
 13703 | Lair:1   | Found a transporter.
 13940 | Lair:1   | Found a transporter.
 14399 | Lair:1   | Reached XP level 13. HP: 117/118 MP: 17/17
 14606 | Lair:2   | Reached skill level 13 in Unarmed Combat
 14849 | Lair:2   | Reached skill level 10 in Armour
 15228 | Lair:2   | Found the +8 whip "Snakebite" {venom, curare, rPois}
 15380 | Lair:2   | Found a hole to the Spider Nest.
 15575 | Lair:2   | Identified the +4 scale mail "Ilimosk" {rF++ Int+3}
                  | (Okawaru gifted it to you on level 2 of the Lair of Beasts)
 15575 | Lair:2   | Received a gift from Okawaru
 16920 | Lair:3   | Found a staircase to the Swamp.
 17391 | Lair:4   | Reached skill level 14 in Unarmed Combat
 17414 | Lair:4   | Reached skill level 10 in Invocations
 17531 | Lair:4   | Identified the +1 robe "Kosseaj" {+Blink rF- rC+}
 17576 | Lair:4   | Found a staircase to the Slime Pits.
 17585 | Lair:4   | Noticed Josephine
 17669 | Lair:4   | Killed Josephine
 17810 | Lair:4   | Found a runed translucent gate.
 17810 | Lair:4   | Found a runed translucent gate.
 17810 | Lair:4   | Found a runed translucent gate.
 17859 | Lair:4   | Reached XP level 14. HP: 47/126 MP: 5/20
 17861 | Lair:4   | Noticed greasedhog's ghost (journeyman FoFi)
 18318 | Lair:4   | Reached skill level 15 in Unarmed Combat
 18430 | Lair:4   | Reached ****** piety under Okawaru
 18924 | Lair:5   | Entered Level 5 of the Lair of Beasts
 18987 | Lair:4   | Received a gift from Okawaru
 18987 | Lair:4   | Found the +11 Singing Sword {sonic wave}
 19607 | Lair:5   | Reached skill level 16 in Unarmed Combat
 19743 | Lair:5   | Identified the +0 ring mail of Catatonia {Will+ Int+4
                  | Stlth-} (Okawaru gifted it to you on level 5 of the Lair of
                  | Beasts)
 19743 | Lair:5   | Received a gift from Okawaru
 19805 | Lair:5   | Noticed a dire elephant
 20014 | Lair:5   | Noticed CornPuffBuddha's ghost (journeyman MiFi)
 20034 | Lair:5   | Found a runed translucent gate.
 20035 | Lair:5   | Found a runed translucent gate.
 20040 | Lair:5   | Found a runed translucent gate.
 20428 | Lair:5   | Reached XP level 15. HP: 121/132 MP: 17/21
 20898 | Orc:1    | Entered Level 1 of the Orcish Mines
 21219 | Orc:1    | Noticed Snorg
 21220 | Orc:1    | Noticed an orc warlord
 21233 | Orc:1    | Reached skill level 17 in Unarmed Combat
 21952 | D:9      | Killed Snorg
 22434 | Orc:1    | Killed an orc warlord
 22615 | Orc:2    | Entered Level 2 of the Orcish Mines
 22615 | Orc:2    | Found a staircase to the Elven Halls.
 22847 | Orc:2    | Received a gift from Okawaru
 23039 | Orc:2    | Found Saekut's Book Emporium.
 23039 | Orc:2    | Found Uqotuh's Armour Boutique.
 23040 | Orc:2    | Found Vaigov's Jewellery Boutique.
 23040 | Orc:2    | Found Riroxoh's Distillery.
 23060 | Orc:2    | Bought a potion of heal wounds for 55 gold pieces
 23060 | Orc:2    | Bought a potion of haste for 110 gold pieces
 23060 | Orc:2    | Bought a potion of heal wounds for 55 gold pieces
 23060 | Orc:2    | Bought 2 potions of haste for 220 gold pieces
 23228 | Orc:2    | Bought a potion of might for 44 gold pieces
 23263 | Orc:2    | Reached skill level 18 in Unarmed Combat
 23586 | D:12     | Killed Dordric's ghost
 24041 | Lair:1   | Received a gift from Okawaru
 24072 | Lair:1   | Killed lunkers's ghost
 24253 | Lair:1   | Got Vofecs's Secrets of the Kindled Mesa
 24405 | Lair:4   | Killed greasedhog's ghost
 25188 | Lair:5   | Killed CornPuffBuddha's ghost
 25426 | D:13     | Reached skill level 15 in Armour
 25436 | D:13     | Reached XP level 16. HP: 124/139 MP: 22/22
 25956 | D:13     | Reached skill level 19 in Unarmed Combat
 26251 | D:13     | Received a gift from Okawaru
 27006 | D:14     | You fall into a shaft and drop 1 floor!
 27006 | D:15     | Entered Level 15 of the Dungeon
 27163 | D:14     | Identified the +0 pair of boots "Nyas" {Contam rPois Will+
                  | Dex+4} (Okawaru gifted it to you on level 14 of the
                  | Dungeon)
 27163 | D:14     | Received a gift from Okawaru
 27203 | D:14     | Found a gate to the Vaults.
 27783 | D:15     | Found a stormy altar of Qazlal.
 27896 | D:15     | Found a staircase to the Depths.
 27898 | D:15     | Reached skill level 20 in Unarmed Combat
 28281 | D:15     | Reached XP level 17. HP: 126/146 MP: 23/23
 28717 | Spider:1 | Entered Level 1 of the Spider Nest
 29967 | Spider:1 | Identified the +6 halberd of Dissent {freeze, rF+ Int+4
                  | Dex+3 Stlth+} (Okawaru gifted it to you on level 1 of the
                  | Spider Nest)
 29967 | Spider:1 | Received a gift from Okawaru
 30371 | Spider:2 | Identified the +1 ring mail of Yredelemnul's Outrage
                  | {rPois}
 30411 | Spider:2 | Identified the +0 robe "Sacoamojy" {rCorr Dex+2}
 31300 | Spider:2 | Noticed Donald
 31313 | Spider:2 | Killed Donald
 31322 | Spider:2 | Reached skill level 21 in Unarmed Combat
 32081 | Spider:3 | Received a gift from Okawaru
 32117 | Spider:3 | Noticed Nikola
 32117 | Spider:3 | Noticed Arachne
 32129 | Spider:3 | Killed from afar by Nikola

Illustrated notes

Levels and vault maps discovered:
D:1:      dpeg_arrival_yet_another_circle, layout_loops_ring, serial_shops,
          nicolae_diamond_shop
D:2:      layout_basic, dreamdust_ecumenical_altar_angels_and_demons
D:3:      minmay_diamond_boxcup, layout_rooms
D:4:      layout_layer_cave, trog_butcher_becter
D:5:      layout_loops_ring, old_standard_altar, gammafunk_ghost_mausoleum,
          grunt_ministairs_2
D:6:      layout_basic, elyvilon_altar_4, fedhas_altar_1,
          minmay_temple_entry_from_below_a
D:7:      layout_gridville, lemuel_zombie_altar_kikubaaqudgha,
          serial_co_window_serial, co_window_paths_a, co_window_corner_a,
          co_window_cross_1, co_window_paths_b, co_window_corner_a,
          co_window_corner_b, co_window_unsneaky_path_e, co_window_cross_4,
          glass_columns_a, glass_columns_a, glass_columns_b, glass_columns_a
D:8:      layout_loops_ring, chequers_temple_overflow_statue_of_worship,
          mainiacjoe_overflow_paths, kennysheep_mini_moat, special_room
          [special_room_kobold], uniq_maurice
D:9:      layout_loops_ring, minmay_lair_entry_grove, minmay_ruined_shrine,
          uniq_erica
D:10:     layout_layer_cave, mainiacjoe_overflow_chevrons, orc_0_dummy,
          kennysheep_generic_room_16
D:11:     minmay_curly_fans, layout_loops_cross, uniq_sonja
D:12:     layout_roguey, ebering_ghost_reflecting_pool, uniq_fannar
D:13:     layout_roguey, serial_undead, serial_undead_d, serial_undead_a,
          serial_undead_b, serial_undead_d, serial_undead_a, serial_undead_a,
          serial_undead_c
D:14:     layout_irregular_city, erik_vaults_1, chequers_serial_rivers_room_a,
          minmay_tree_intersection
D:15:     gammafunk_depths_entry_grave, layout_cave_pools,
          nicolae_qazlal_scattered_showers
Lair:1:   lemuel_reptile_caves, layout_long_grid, nzn_ghost_randoct,
          st_stairs_10, evilmike_ambush [evilmike_ambush_outer_corners,
          evilmike_ambush_inner_pond]
Lair:2:   minmay_guarded_unrand_snakebite, layout_gridlike,
          spider_nest_entry_funnel_web, lemuel_fruit_fields,
          infiniplex_staircase_pool
Lair:3:   layout_chaotic_city, skrybe_swamp_entry_bodies,
          hangedman_lair_unloving_vines, wad_woods_river_01
Lair:4:   onia_ninara_swampy_vault, layout_regular_city, slime_entry_1,
          gammafunk_ghost_hydra_chop, pond, uniq_josephine
Lair:5:   evilmike_catoblepas_cave, layout_misc_corridors, gammafunk_ghost_split
Spider:1: layout_spider_delve, drop_trap, hangedman_spider_tarantella_strand
Spider:2: layout_spider_delve, uniq_donald
Spider:3: layout_spider_delve, hellmonk_ghost_happy_afterlife,
          nicolae_spider_nooks_and_crannies, uniq_nikola, uniq_arachne
Orc:1:    layout_diamond_mine, elf_legates, uniq_snorg
Orc:2:    st_orc_ogre_mass, layout_caves

Skill      XL: |  1  2  3  4  5  6  7  8  9 10 11 12 13 14 15 16 17 |
---------------+----------------------------------------------------+-----
Fighting       | 4 5 6 7 8 9 10 11 12 | 12.0
Unarmed Combat | 4 5 6 7 8 9 10 11 12 14 16 18 20 21 | 21.1
Armour         | 1 2 4 6 7 8 9 11 13 15 16 17 | 17.4
Shields        | 3 5 6 7 |  7.1
Invocations    | 2 5 7 10 | 10.0
Dodging        | |  2.6
Stealth        | |  2.1

Action                   |  1- 3 |  4- 6 |  7- 9 | 10-12 | 13-15 | 16-18 || total
-------------------------+-------+-------+-------+-------+-------+-------++-------
Melee: Unarmed           |    94 |   191 |   478 |   870 |  1670 |  1090 ||  4393
       Punch             |     1 |    11 |     6 |       |       |       ||    18
Invok: Heroism           |       |       |       |    10 |    13 |     8 ||    31
Evoke: Wand              |       |       |       |       |     1 |       ||     1
  Use: Potion            |       |       |     5 |       |     1 |     2 ||     8
       Scroll            |       |       |       |    20 |     8 |     2 ||    30
 Stab: Sleeping          |     4 |     6 |       |       |       |       ||    10
       Petrifying        |       |       |       |       |     1 |       ||     1
       Petrified         |       |       |       |       |     1 |       ||     1
       Invisible         |       |       |       |       |     1 |       ||     1
Armor: Robe              |    18 |    38 |       |       |       |       ||    56
       Chain mail        |       |     9 |   279 |   367 |       |       ||   655
       Crystal plate arm |       |       |       |   149 |  1479 |  1015 ||  2643
Dodge: Dodged            |    59 |    98 |   132 |   248 |   392 |   388 ||  1317
       Repelled          |       |     1 |     1 |     7 |     8 |     1 ||    18
Block: Buckler           |       |       |    26 |   221 |   414 |   265 ||   926
       Kite shield       |       |       |       |       |       |    48 ||    48

Table legend: (Time is in decaauts)
 A = Elapsed time spent in this place.
 B = Non-inter-level travel time spent in this place.
 C = Inter-level travel time spent in this place.
 D = Time resting spent in this place.
 E = Time spent auto-exploring this place.
 F = Levels seen in this place.
 G = Mean time per level.
                   A        B        C        D        E       F      G
               +--------+--------+--------+--------+--------+-----+--------+
         Total |  31200 |  28840 |   2360 |   5357 |  16867 |  25 | 1248.0 |
       Dungeon |  17467 |  15680 |   1787 |   1980 |  10264 |  15 | 1164.5 |
          Lair |   8909 |   8418 |    491 |   1796 |   4565 |   5 | 1781.8 |
   Spider Nest |   3269 |   3256 |     13 |   1394 |   1232 |   3 | 1089.7 |
  Orcish Mines |   1554 |   1486 |     68 |    187 |    805 |   2 |  777.0 |
               +--------+--------+--------+--------+--------+-----+--------+

Top non-repeatable levels by time:
  Lair:4: 2812 daAuts
    D:10: 2164 daAuts
Spider:1: 2055 daAuts
  Lair:1: 1780 daAuts
  Lair:5: 1522 daAuts
     D:2: 1443 daAuts
     D:9: 1412 daAuts
  Lair:2: 1397 daAuts
  Lair:3: 1396 daAuts
     D:8: 1358 daAuts
    D:12: 1228 daAuts
     D:5: 1168 daAuts
     D:4: 1119 daAuts
    D:13: 1117 daAuts
     D:7: 1104 daAuts
